 Dungeon Crawl Stone Soup version 0.19.5 (webtiles) character file.

53 equalderp2856 the Scratcher (level 3, -1/25 HPs)
             Began as a Felid Fighter on Mar 23, 2017.
             Slain by an adder (3 damage)
             ... on level 2 of the Dungeon.
             The game lasted 00:03:09 (2193 turns).

equalderp2856 the Scratcher (Felid Fighter)         Turns: 2193, Time: 00:03:10

Health: -1/25      AC:  1    Str: 18    XL:     3   Next: 64%
Magic:  4/4        EV: 20    Int: 14    God:
Gold:   76         SH:  0    Dex: 15    Spells: 0 memorised, 2 levels left
                                        Lives:  0   Deaths: 0

rFire  . . .     SeeInvis +       - Unarmed
rCold  . . .     Gourm    .     (armour unavailable)
rNeg   . . .     Faith    .     (shield unavailable)
rPois  +         Spirit   .     (helmet unavailable)
rElec  .         Reflect  .     (cloak unavailable)
rCorr  .         Harm     .     (gloves unavailable)
MR     .....     Clarity  +     (boots unavailable)
Stlth  ..........               (no amulet)
                                (no ring)
                                (no ring)

@: brilliant, berserking, lethally poisoned (-1 -> -4), very quick
A: no armour, no weapons or thrown items, stealth, claws 1, fangs 3, see
invisible, carnivore 3, clarity, speed 1, poison resistance, shaggy fur 1, slow
metabolism 1, sharp paws
a: no special abilities


You were on level 2 of the Dungeon.
You were not hungry.

You visited 1 branch of the dungeon, and saw 3 of its levels.

You collected 76 gold pieces.

Inventory:

Jewellery
 f - an uncursed amulet of faith
Scrolls
 c - 4 scrolls of identify {unknown}
 g - a scroll of magic mapping {unknown}
 h - a scroll of enchant weapon {unknown}
 j - 2 scrolls of remove curse {unknown}
 m - a scroll of random uselessness {unknown}
Potions
 a - 3 potions of might
 n - a potion of heal wounds {unknown}
Comestibles
 b - a meat ration
 d - a royal jelly
 k - a beef jerky


   Skills:
 + Level 3.2 Fighting
 + Level 4.7 Dodging
 + Level 1.1 Stealth
 + Level 4.8 Unarmed Combat


You had 2 spell levels left.
You didn't know any spells.

Dungeon Overview and Level Annotations

Branches:
Dungeon (3/15)

Altars:

Annotations:
D:3 pps's ghost, amateur SpAr


Innate Abilities, Weirdness & Mutations

You cannot wear armour.
You are incapable of wielding weapons or throwing items.
Your paws allow you to move quietly. (Stealth)
You have sharp claws.
You have razor-sharp teeth.
You have supernaturally acute eyesight. (SInv)
You are carnivorous and can eat meat at any time.
You cover ground quickly.
You are covered in fur. (AC +1)
You have a slow metabolism.
Your sharp claws are effective at attacking unaware monsters.
You possess an exceptional clarity of mind.
Your system is resistant to poisons. (rPois)


Message History

You closely miss the adder. The adder bites you.
You barely miss the adder. You bite the adder, but do no damage.
The adder bites you.
You are poisoned.
The adder poisons you!
You miss the adder. Your claw misses the adder.
You feel sick. The adder completely misses you. The adder bites you.
* * * LOW HITPOINT WARNING * * *
It was a potion of brilliance.
You feel clever all of a sudden. The adder closely misses you.
It was a potion of mutation.
You feel extremely strange.
Your thoughts seem clearer.
You feel resistant to poisons. The adder misses you.
It was a potion of berserk rage.
A red film seems to cover your vision as you go berserk!
You feel yourself moving faster!
You feel mighty!
* * * LOW HITPOINT WARNING * * *
You feel sick. The adder closely misses you. The adder bites you.
You die...

............
............. ...
............#. #.# .g#
####...######. #.# ..#
#...# ..#.# ..# #...#
.#.##.. #...# ..... #...#
#S#.# #####.########
#@#.###
[............###.....#
##............####.#.#
...................#
.#..##.#.###..#.##.......
....#.........#.##.######
#..##........##.##.#
#..##.##.###.##.##.#
.#.......# #.##.##.#


You could see an adder.

Vanquished Creatures
  2 adders (D:2)
  A worm (D:2)
  A dart slug (D:1)
  3 bats (D:1)
  A giant cockroach (D:1)
  3 goblins
  5 hobgoblins
  5 jackals (D:2)
  5 kobolds
  A ball python (D:2)
  2 frilled lizards (D:2)
29 creatures vanquished.

Notes
Turn   | Place    | Note
-------+----------+-------------------------------------------
     0 | D:1      | equalderp2856 the Felid Fighter began the quest for the Orb.
     0 | D:1      | Reached XP level 1. HP: 10/10 MP: 2/2
   635 | D:1      | Reached XP level 2. HP: 14/14 MP: 3/3
  1525 | D:2      | Reached XP level 3. HP: 17/17 MP: 4/4
  1758 | D:2      | Reached skill level 1 in Stealth
  2135 | D:3      | Noticed pps's ghost (amateur SpAr)
  2192 | D:2      | Gained mutation: You possess an exceptional clarity of mind. [potion of mutation]
  2192 | D:2      | Gained mutation: Your system is resistant to poisons. (rPois) [potion of mutation]
  2193 | D:2      | Slain by an adder

Skill      XL: |  1  2  3 |
---------------+----------+-----
Stealth        | 1 |  1.1
Fighting       | |  3.2
Dodging        | |  4.7
Unarmed Combat | |  4.8

Action                   || total
-------------------------++-------
Melee: Unarmed           ||    94
       Bite              ||     8
       Punch             ||     1
  Use: Potion            ||     3
 Stab: Sleeping          ||     2
  Eat: Chunk             ||     2
Armor: Skin              ||     2
Dodge: Dodged            ||    71
